Oilers vs Red Wings
(R1)
Created - April 25, 2023 at 20:00
Goals
|
| Oilers |
0 |
1 |
0 |
1 |
| Red Wings |
2 |
1 |
0 |
3 |
|
Shots
|
| Oilers |
7 |
8 |
12 |
27 |
| Red Wings |
14 |
8 |
6 |
28 |
|
1st period
1. Red Wings , Nino Niederreiter 35 (Connor Brown 45, Erik Gudbranson 37) at 7:23 (PP)
2. Red Wings , Nino Niederreiter 36 (Connor Brown 46, Drew Fata 10) at 13:51
Penalties :
Alexandre Grenier (Det) for Interference (Minor) at 1:07, Ryan Getzlaf (Edm) for Tripping (Minor) at 7:16, Claude Giroux (Edm) for Tripping (Minor) at 7:46
2nd period
3. Oilers , Claude Giroux 41 (Ryan Nugent-Hopkins 29, Brady Skjei 31) at 2:27
4. Red Wings , Henrik Zetterberg 21 (Connor Brown 47, Nino Niederreiter 39) at 17:38 (PP)
Penalties :
Dalton Prout (Edm) for Tripping (Minor) at 0:06, Claude Giroux (Edm) for Hooking (Minor) at 4:23, Denis Grebeshkov (Det) for Interference (Minor) at 5:31, Leon Draisaitl (Edm) for Goalie Interference (Minor) at 8:18, Tobias Enstrom (Edm) for Elbowing (Minor) at 10:58, David Pastrnak (Edm) for High sticking (Minor) at 17:22, Connor McDavid (Edm) for High sticking (Minor) at 19:36
3rd period
No Goal
Penalties :
Dalton Prout (Edm) for Goalie Interference (Minor) at 3:07, Drew Fata (Det) for Hooking (Minor) at 5:43, Jake Gardiner (Edm) for Hooking (Minor) at 17:56
Goalie Stats
James Reimer (Edm), 25 saves from 28 shots - (0.893), L, 27-24-6, 60:00 minutes
Petr Mrazek (Det), 26 saves from 27 shots - (0.963), W, 32-15-3, 60:00 minutes
Players Stats for Oilers
Player Name G A P +/- PIM S H SB GA TA FO MP PP MP PK MP
------------------------------------------------------------------------------------
Brady Skjei 0 1 1 0 0 3 2 0 0 0 0/0 18:30 3:23 2:48
Claude Giroux 1 0 1 0 4 5 0 1 1 0 1/2 22:36 3:14 6:23
Connor McDavid 0 0 0 -1 2 3 1 0 0 1 12/22 20:05 1:52 5:25
Dalton Prout 0 0 0 1 4 0 2 3 0 1 0/0 26:08 1:40 5:58
David Pastrnak 0 0 0 -1 2 0 1 2 0 0 0/1 13:34 1:52 0:00
Dennis Everberg 0 0 0 0 0 0 0 1 0 0 1/1 7:21 0:00 0:00
Jake Gardiner 0 0 0 0 2 1 2 1 1 1 0/0 27:37 1:43 7:50
James Neal 0 0 0 0 0 0 0 0 1 0 0/0 11:23 0:00 4:02
Leon Draisaitl 0 0 0 0 2 2 1 0 1 0 1/2 14:52 1:52 4:42
Marcus Pettersson 0 0 0 1 0 3 0 1 1 1 0/0 19:44 3:23 7:03
Mark Stone 0 0 0 0 0 2 1 1 0 0 0/0 10:22 0:00 0:00
Nick Bjugstad 0 0 0 0 0 0 1 0 0 0 0/1 10:51 2:53 0:00
Peter Mueller 0 0 0 0 0 0 0 1 0 0 2/3 9:04 0:00 1:11
Ryan Getzlaf 0 0 0 0 2 5 1 1 1 1 1/6 10:48 0:21 0:00
Ryan Nugent-Hopkins 0 1 1 1 0 1 1 0 1 0 9/19 20:34 2:53 8:48
Tobias Enstrom 0 0 0 -1 2 1 0 0 0 2 0/0 19:37 0:03 7:01
Trevor Daley 0 0 0 0 0 0 1 1 1 0 0/0 9:09 0:00 0:08
Zach Hyman 0 0 0 0 0 1 2 1 0 0 0/0 11:20 0:21 0:17
Players Stats for Red Wings
Player Name G A P +/- PIM S H SB GA TA FO MP PP MP PK MP
------------------------------------------------------------------------------------
Alexandre Grenier 0 0 0 -1 2 1 1 0 0 1 0/0 8:35 0:00 0:42
Carson Mcmillan 0 0 0 0 0 1 1 0 0 0 1/1 10:35 0:00 3:14
Cody Franson 0 0 0 0 0 0 0 0 0 1 0/0 11:07 0:00 1:41
Connor Brown 0 3 3 1 0 2 2 0 1 0 1/1 20:24 8:18 0:00
Denis Grebeshkov 0 0 0 0 2 0 0 0 0 1 0/0 16:01 6:29 0:00
Drew Fata 0 1 1 0 2 1 1 2 0 2 0/0 20:21 0:00 1:41
Dylan Larkin 0 0 0 0 0 2 0 1 1 0 1/1 20:27 7:06 0:58
Erik Gudbranson 0 1 1 0 0 1 1 1 1 1 0/0 30:39 8:54 2:40
Henrik Zetterberg 1 0 1 1 0 2 4 1 1 1 15/26 19:36 8:18 0:00
Jamie Arniel 0 0 0 0 0 0 2 0 0 0 6/12 19:23 7:06 0:00
Marko Dano 0 0 0 0 0 5 2 1 0 0 1/1 19:53 7:06 0:19
Michael Haley 0 0 0 -1 0 0 3 1 0 0 0/0 9:27 0:00 1:33
Nino Niederreiter 2 1 3 1 0 4 2 0 0 1 1/1 20:24 8:18 0:00
Philip Samuelsson 0 0 0 0 0 2 1 1 1 0 0/0 20:19 6:30 2:05
Ryan O'Byrne 0 0 0 0 0 1 1 3 0 0 0/0 12:42 0:00 2:05
Ryan O'Reilly 0 0 0 0 0 2 4 1 0 0 1/5 16:09 8:54 0:12
Sergei Kostitsyn 0 0 0 0 0 0 0 0 1 0 0/0 7:02 0:00 0:00
T.J. Hensick 0 0 0 -1 0 4 2 0 1 0 3/9 10:56 0:00 3:14
3 Stars
1 - Nino Niederreiter (Det)
2 - Connor Brown (Det)
3 - Henrik Zetterberg (Det)
Power Play
Oilers - 0 on 3 Attempt(s) - 0.00%
Red Wings - 2 on 10 Attempt(s) - 20.00%
Penalty Kill
Oilers - 8 on 10 Attempt(s) - 80.00%
- Score 0 goal in Penalty Kill
Red Wings - 3 on 3 Attempt(s) - 100.00%
- Score 0 goal in Penalty Kill
Team Stat
Oilers - Hits : 16 - Faceoff Wins : 27 - Blocked Shots : 14 - Penalty Minutes : 20
Red Wings - Hits : 27 - Faceoff Wins : 30 - Blocked Shots : 12 - Penalty Minutes : 6
Official
Referees : Marc Joannette and Trevor Hanson
Linesman : Jonny Murray and Kiel Murchison
Game Notes
No Game Note
Finance
Level 1 -- Attendance: 5725 (95.42%) -- Ticket Income $572,500
Level 2 -- Attendance: 5000 (100.00%) -- Ticket Income $300,000
Level 3 -- Attendance: 1846 (92.30%) -- Ticket Income $64,610
Level 4 -- Attendance: 3852 (96.30%) -- Ticket Income $96,300
Luxury Box -- Attendance: 1000 (100.00%) -- Ticket Income $200,000
Game was played at the Little Caesars arena.
Total Attendance: 17423 (96.79%)
Total Ticket Income: $1,233,410
Other Income: $185,012
Total Income: $1,418,422
Oilers
5 vs 5 Forward
Center Left Wing Right Wing Time % Phy DF OF
1 Connor McDavid Claude Giroux David Pastrnak 40 1 2 2
2 Ryan Nugent-Hopkins Leon Draisaitl Nick Bjugstad 30 1 2 2
3 Ryan Getzlaf Zach Hyman Mark Stone 20 1 2 2
4 Peter Mueller James Neal Dennis Everberg 10 1 2 2
5 vs 5 Defense
Defense Defense Time % Phy DF OF
1 Jake Gardiner Dalton Prout 40 1 2 2
2 Brady Skjei Tobias Enstrom 30 1 2 2
3 Trevor Daley Marcus Pettersson 20 1 2 2
4 Marcus Pettersson Dalton Prout 10 1 2 2
PowerPlay Forward
Center Left Wing Right Wing Time % Phy DF OF
1 Ryan Nugent-Hopkins Claude Giroux Nick Bjugstad 60 1 2 2
2 Connor McDavid Leon Draisaitl David Pastrnak 40 1 2 2
PowerPlay Defense
Defense Defense Time % Phy DF OF
1 Brady Skjei Marcus Pettersson 60 1 2 2
2 Dalton Prout Jake Gardiner 40 1 2 2
Penalty Kill 4 Players Forward
Center Wing Time % Phy DF OF
1 Ryan Nugent-Hopkins Claude Giroux 60 1 2 2
2 Connor McDavid Leon Draisaitl 40 1 2 2
Penalty Kill 4 Players Defense
Defense Defense Time % Phy DF OF
1 Dalton Prout Jake Gardiner 60 1 2 2
2 Marcus Pettersson Tobias Enstrom 40 1 2 2
Penalty Kill - 3 Players Forward
Forward Time % Phy DF OF
1 Connor McDavid 60 1 2 2
2 Ryan Nugent-Hopkins 40 1 2 2
Penalty Kill - 3 Players Defense
Defense Defense Time % Phy DF OF
1 Dalton Prout Jake Gardiner 60 1 2 2
2 Marcus Pettersson Tobias Enstrom 40 1 2 2
4 vs 4 Forward
Center Wing Time % Phy DF OF
1 Connor McDavid Claude Giroux 60 1 2 2
2 Ryan Nugent-Hopkins James Neal 40 1 2 2
4 vs 4 Defense
Defense Defense Time % Phy DF OF
1 Tobias Enstrom Jake Gardiner 60 1 2 2
2 Dalton Prout Brady Skjei 40 1 2 2
Last Minutes Offensive
Center Left Wing Right Wing Defense Defense
Connor McDavid Claude Giroux David Pastrnak Brady Skjei Jake Gardiner
Last Minutes Defensive
Center Left Wing Right Wing Defense Defense
Connor McDavid Claude Giroux David Pastrnak Brady Skjei Jake Gardiner
Goaltenders
Starting : James Reimer
Backup : Jonas Hiller
Extra Forwards
Normal : Ryan Nugent-Hopkins, Zach Hyman, Ryan Getzlaf - PP : Ryan Nugent-Hopkins, Zach Hyman - PK : Ryan Nugent-Hopkins
Extra Defensemen
Normal : Tobias Enstrom, Marcus Pettersson, Trevor Daley - PP : Dalton Prout - PK : Tobias Enstrom, Marcus Pettersson
Penalty Shots
Claude Giroux, Connor McDavid, David Pastrnak, Leon Draisaitl, Ryan Nugent-Hopkins
Scratches
Cam Barker (Strained Right Elbow Injury)
Red Wings
5 vs 5 Forward
Center Left Wing Right Wing Time % Phy DF OF
1 Henrik Zetterberg Nino Niederreiter Connor Brown 35 1 2 2
2 Jamie Arniel Marko Dano Dylan Larkin 35 1 2 2
3 Ryan O'Reilly Sergei Kostitsyn Carson Mcmillan 20 1 2 2
4 T.J. Hensick Michael Haley Alexandre Grenier 10 1 2 2
5 vs 5 Defense
Defense Defense Time % Phy DF OF
1 Erik Gudbranson Drew Fata 40 0 2 3
2 Philip Samuelsson Ryan O'Byrne 30 1 2 2
3 Denis Grebeshkov Cody Franson 20 1 2 2
4 Denis Grebeshkov Cody Franson 10 1 2 2
PowerPlay Forward
Center Left Wing Right Wing Time % Phy DF OF
1 Henrik Zetterberg Nino Niederreiter Connor Brown 60 1 0 4
2 Jamie Arniel Marko Dano Dylan Larkin 40 1 0 4
PowerPlay Defense
Defense Defense Time % Phy DF OF
1 Ryan O'Reilly Erik Gudbranson 60 0 1 4
2 Philip Samuelsson Denis Grebeshkov 40 0 1 4
Penalty Kill 4 Players Forward
Center Wing Time % Phy DF OF
1 T.J. Hensick Carson Mcmillan 60 1 2 2
2 Alexandre Grenier Michael Haley 40 1 2 2
Penalty Kill 4 Players Defense
Defense Defense Time % Phy DF OF
1 Erik Gudbranson Drew Fata 60 1 2 2
2 Ryan O'Byrne Philip Samuelsson 40 1 2 2
Penalty Kill - 3 Players Forward
Forward Time % Phy DF OF
1 Carson Mcmillan 60 1 2 2
2 Michael Haley 40 1 2 2
Penalty Kill - 3 Players Defense
Defense Defense Time % Phy DF OF
1 Drew Fata Erik Gudbranson 60 1 2 2
2 Philip Samuelsson Ryan O'Byrne 40 1 2 2
4 vs 4 Forward
Center Wing Time % Phy DF OF
1 Connor Brown Nino Niederreiter 60 1 2 2
2 Ryan O'Reilly Marko Dano 40 1 2 2
4 vs 4 Defense
Defense Defense Time % Phy DF OF
1 Erik Gudbranson Philip Samuelsson 60 1 2 2
2 Drew Fata Cody Franson 40 1 2 2
Last Minutes Offensive
Center Left Wing Right Wing Defense Defense
Henrik Zetterberg Nino Niederreiter Connor Brown Erik Gudbranson Philip Samuelsson
Last Minutes Defensive
Center Left Wing Right Wing Defense Defense
T.J. Hensick Michael Haley Carson Mcmillan Drew Fata Erik Gudbranson
Goaltenders
Starting : Petr Mrazek
Backup : Mike McKenna
Extra Forwards
Normal : Carson Mcmillan, Dylan Larkin, T.J. Hensick - PP : Carson Mcmillan, Sergei Kostitsyn - PK : T.J. Hensick
Extra Defensemen
Normal : Erik Gudbranson, Cody Franson, Philip Samuelsson - PP : Drew Fata - PK : Cody Franson, Drew Fata
Penalty Shots
Connor Brown, Dylan Larkin, Nino Niederreiter, Marko Dano, Henrik Zetterberg
Scratches
Beau Bennett (Healthy), David Rundblad (Healthy), Tomas Kundratek (Healthy)
% Time on Ice - Oilers
Lines # - Real PCT - Wanted PCT - Time Play
Normal Forward
1 - 34% - 40% - 13:01
2 - 20% - 30% - 7:55
3 - 27% - 20% - 10:22
4 - 19% - 10% - 7:21
Normal Defense
1 - 44% - 40% - 16:51
2 - 34% - 30% - 12:57
3 - 23% - 20% - 8:44
4 - 0% - 10% - 0:07
PP Forward
1 - 63% - 60% - 3:14
2 - 37% - 40% - 1:52
PP Defense
1 - 67% - 60% - 3:26
2 - 33% - 40% - 1:40
PK Forward
1 - 69% - 60% - 10:38
2 - 31% - 40% - 4:46
PK Defense
1 - 62% - 60% - 9:29
2 - 38% - 40% - 5:55
PK3 Forward
1 - 0% - 60%
2 - 0% - 40%
PK3 Defense
1 - 0% - 60%
2 - 0% - 40%
44 Forward
1 - 100% - 60% - 0:51
2 - 0% - 40% - 0:00
44 Defense
1 - 100% - 60% - 0:51
2 - 0% - 40% - 0:00
Last Minute Offensive - 0:00
Last Minute Defensive - 0:00
Total
Forward - 60:00
Defense - 60:00
|
% Time on Ice - Red Wings
Lines # - Real PCT - Wanted PCT - Time Play
Normal Forward
1 - 30% - 35% - 11:26
2 - 32% - 35% - 12:29
3 - 18% - 20% - 7:02
4 - 20% - 10% - 7:42
Normal Defense
1 - 48% - 40% - 18:38
2 - 31% - 30% - 12:06
3 - 18% - 20% - 6:52
4 - 3% - 10% - 1:03
PP Forward
1 - 54% - 60% - 8:18
2 - 46% - 40% - 7:06
PP Defense
1 - 58% - 60% - 8:54
2 - 42% - 40% - 6:30
PK Forward
1 - 66% - 60% - 3:21
2 - 34% - 40% - 1:45
PK Defense
1 - 52% - 60% - 2:40
2 - 48% - 40% - 2:26
PK3 Forward
1 - 0% - 60%
2 - 0% - 40%
PK3 Defense
1 - 0% - 60%
2 - 0% - 40%
44 Forward
1 - 82% - 60% - 0:42
2 - 18% - 40% - 0:09
44 Defense
1 - 53% - 60% - 0:27
2 - 47% - 40% - 0:24
Last Minute Offensive - 0:00
Last Minute Defensive - 0:00
Total
Forward - 60:00
Defense - 60:00
|
Play-by-Play
1st period
0:01 of 1st period - Henrik Zetterberg wins face-off versus Connor McDavid in neutral zone.
0:10 of 1st period - Wrist shot by Erik Gudbranson.
0:10 of 1st period - Stopped by James Reimer with a rebound.
0:16 of 1st period - Snap shot by Connor Brown.
0:16 of 1st period - Shot Blocked by David Pastrnak.
0:26 of 1st period - Jamie Arniel is hit by Dalton Prout.
0:50 of 1st period - Wrist shot by Zach Hyman.
0:50 of 1st period - Shot Blocked by Ryan O'Reilly.
0:52 of 1st period - Wrist shot by Ryan Getzlaf.
0:52 of 1st period - Stopped by Petr Mrazek without a rebound.
0:53 of 1st period - Peter Mueller wins face-off versus T.J. Hensick in Red Wings zone.
1:07 of 1st period - Minor Penalty to Alexandre Grenier for Interference.
1:08 of 1st period - Ryan Nugent-Hopkins wins face-off versus T.J. Hensick in Red Wings zone.
2:23 of 1st period - Nick Bjugstad is hit by Michael Haley and loses puck.
3:07 of 1st period - Penalty to Alexandre Grenier is over, Alexandre Grenier is back on ice.
4:27 of 1st period - Off-side.
4:28 of 1st period - T.J. Hensick wins face-off versus Nick Bjugstad in neutral zone.
4:53 of 1st period - Drew Fata is hit by Brady Skjei and loses puck.
4:58 of 1st period - Snap shot by Connor McDavid.
4:58 of 1st period - Stopped by Petr Mrazek with a rebound.
5:00 of 1st period - Slapshot by Brady Skjei.
5:00 of 1st period - Shot Blocked by Drew Fata.
6:22 of 1st period - Snap shot by Ryan O'Reilly.
6:22 of 1st period - Stopped by James Reimer without a rebound.
6:23 of 1st period - Connor McDavid wins face-off versus Ryan O'Reilly in Oilers zone.
6:48 of 1st period - Tobias Enstrom is hit by Drew Fata and loses puck.
7:16 of 1st period - Minor Penalty to Ryan Getzlaf for Tripping.
7:17 of 1st period - Ryan Nugent-Hopkins wins face-off versus Henrik Zetterberg in Oilers zone.
7:19 of 1st period - Snap shot by Nino Niederreiter.
7:19 of 1st period - Shot Blocked by Jake Gardiner.
7:21 of 1st period - Slapshot by Connor Brown.
7:21 of 1st period - Stopped by James Reimer with a rebound.
7:23 of 1st period - Snap shot by Nino Niederreiter.
7:23 of 1st period - Goal by Nino Niederreiter - Oilers : 0 - Red Wings : 1.
7:24 of 1st period - Connor McDavid wins face-off versus Jamie Arniel in neutral zone.
7:27 of 1st period - Snap shot by David Pastrnak.
7:27 of 1st period - Shot Misses the Net.
7:29 of 1st period - Slapshot by Claude Giroux.
7:29 of 1st period - Shot Blocked by Ryan O'Byrne.
7:31 of 1st period - Snap shot by Claude Giroux.
7:31 of 1st period - Stopped by Petr Mrazek without a rebound.
7:32 of 1st period - Connor McDavid wins face-off versus Jamie Arniel in Red Wings zone.
7:46 of 1st period - Minor Penalty to Claude Giroux for Tripping.
7:47 of 1st period - Nino Niederreiter wins face-off versus Ryan Nugent-Hopkins in Oilers zone.
9:46 of 1st period - Penalty to Claude Giroux is over, Claude Giroux is back on ice.
10:01 of 1st period - Jake Gardiner is hit by Michael Haley and loses puck.
10:27 of 1st period - T.J. Hensick is hit by Trevor Daley and loses puck.
10:38 of 1st period - Ryan O'Reilly is hit by Leon Draisaitl.
10:56 of 1st period - Snap shot by Mark Stone.
10:56 of 1st period - Stopped by Petr Mrazek with a rebound.
10:58 of 1st period - Backhand shot by Trevor Daley.
10:58 of 1st period - Deflect By Zach Hyman.
10:58 of 1st period - Shot Misses the Net.
10:58 of 1st period - Puck is out of play.
10:59 of 1st period - Carson Mcmillan wins face-off versus Ryan Getzlaf in Red Wings zone.
10:59 of 1st period - Carson Mcmillan is hit by Zach Hyman.
11:17 of 1st period - Erik Gudbranson is hit by Ryan Nugent-Hopkins and loses puck.
11:37 of 1st period - Wrist shot by Leon Draisaitl.
11:37 of 1st period - Stopped by Petr Mrazek with a rebound.
11:39 of 1st period - Snap shot by Claude Giroux.
11:39 of 1st period - Deflect By David Pastrnak.
11:39 of 1st period - Shot Blocked by Ryan O'Byrne.
11:39 of 1st period - Puck is out of play.
11:40 of 1st period - T.J. Hensick wins face-off versus Connor McDavid in Red Wings zone.
11:40 of 1st period - T.J. Hensick is hit by Connor McDavid.
12:02 of 1st period - Wrist shot by T.J. Hensick.
12:02 of 1st period - Shot Misses the Net.
12:04 of 1st period - Snap shot by Michael Haley.
12:04 of 1st period - Shot Blocked by David Pastrnak.
12:06 of 1st period - Snap shot by Alexandre Grenier.
12:06 of 1st period - Shot Misses the Net.
12:08 of 1st period - Slapshot by Ryan O'Byrne.
12:08 of 1st period - Stopped by James Reimer with a rebound.
12:10 of 1st period - Snap shot by T.J. Hensick.
12:10 of 1st period - Shot Blocked by Dalton Prout.
12:12 of 1st period - Snap shot by T.J. Hensick.
12:12 of 1st period - Stopped by James Reimer with a rebound.
12:14 of 1st period - Snap shot by Alexandre Grenier.
12:14 of 1st period - Stopped by James Reimer with a rebound.
12:16 of 1st period - Slapshot by T.J. Hensick.
12:16 of 1st period - Stopped by James Reimer with a rebound.
12:18 of 1st period - Snap shot by Alexandre Grenier.
12:18 of 1st period - Shot Misses the Net.
12:20 of 1st period - Snap shot by Alexandre Grenier.
12:20 of 1st period - Deflect By Michael Haley.
12:20 of 1st period - Shot Misses the Net.
12:20 of 1st period - Puck is out of play.
12:21 of 1st period - Ryan Nugent-Hopkins wins face-off versus Henrik Zetterberg in Oilers zone.
12:45 of 1st period - Icing by Brady Skjei.
12:46 of 1st period - Marko Dano wins face-off versus Leon Draisaitl in Oilers zone.
12:55 of 1st period - Slapshot by Marko Dano.
12:55 of 1st period - Stopped by James Reimer without a rebound.
12:56 of 1st period - Connor McDavid wins face-off versus Jamie Arniel in Oilers zone.
13:25 of 1st period - Wrist shot by Nino Niederreiter.
13:25 of 1st period - Stopped by James Reimer without a rebound.
13:26 of 1st period - Leon Draisaitl wins face-off versus Henrik Zetterberg in Oilers zone.
13:33 of 1st period - Wrist shot by Ryan Nugent-Hopkins.
13:33 of 1st period - Stopped by Petr Mrazek without a rebound.
13:34 of 1st period - Henrik Zetterberg wins face-off versus Claude Giroux in Red Wings zone.
13:51 of 1st period - Wrist shot by Nino Niederreiter.
13:51 of 1st period - Goal by Nino Niederreiter - Oilers : 0 - Red Wings : 2.
13:52 of 1st period - Henrik Zetterberg wins face-off versus Connor McDavid in neutral zone.
13:55 of 1st period - David Pastrnak is hit by Henrik Zetterberg and loses puck.
14:18 of 1st period - Ryan Nugent-Hopkins is hit by Carson Mcmillan and loses puck.
14:23 of 1st period - Wrist shot by Ryan O'Reilly.
14:23 of 1st period - Shot Blocked by Dalton Prout.
14:27 of 1st period - Slapshot by Carson Mcmillan.
14:27 of 1st period - Shot Misses the Net.
14:31 of 1st period - Wrist shot by Carson Mcmillan.
14:31 of 1st period - Stopped by James Reimer with a rebound.
15:07 of 1st period - Tobias Enstrom is hit by Connor Brown and loses puck.
15:12 of 1st period - Snap shot by Connor Brown.
15:12 of 1st period - Shot Blocked by Dennis Everberg.
15:14 of 1st period - Wrist shot by Nino Niederreiter.
15:14 of 1st period - Shot Misses the Net.
15:16 of 1st period - Slapshot by Connor Brown.
15:16 of 1st period - Stopped by James Reimer with a rebound.
15:32 of 1st period - Tobias Enstrom is hit by T.J. Hensick and loses puck.
15:54 of 1st period - Snap shot by James Neal.
15:54 of 1st period - Shot Misses the Net.
16:07 of 1st period - Icing by Drew Fata.
16:08 of 1st period - Jamie Arniel wins face-off versus Connor McDavid in Red Wings zone.
16:08 of 1st period - Jamie Arniel is hit by Brady Skjei.
16:25 of 1st period - Claude Giroux is hit by Marko Dano and loses puck.
16:52 of 1st period - Snap shot by Dylan Larkin.
16:52 of 1st period - Shot Blocked by Mark Stone.
17:41 of 1st period - Snap shot by Marko Dano.
17:41 of 1st period - Stopped by James Reimer without a rebound.
17:42 of 1st period - Connor McDavid wins face-off versus Henrik Zetterberg in Oilers zone.
17:42 of 1st period - Connor McDavid is hit by Henrik Zetterberg.
17:49 of 1st period - Jake Gardiner is hit by Connor Brown and loses puck.
17:56 of 1st period - Wrist shot by Claude Giroux.
17:56 of 1st period - Stopped by Petr Mrazek without a rebound.
17:57 of 1st period - Ryan O'Reilly wins face-off versus Ryan Nugent-Hopkins in Red Wings zone.
19:04 of 1st period - Jake Gardiner is hit by Ryan O'Reilly.
19:31 of 1st period - Marcus Pettersson is hit by Ryan O'Byrne and loses puck.
Goals for this period are 0 for Oilers vs 2 for Red Wings.
Shots for this period are 7 for Oilers vs 14 for Red Wings.
2nd period
0:01 of 2nd period - Henrik Zetterberg wins face-off versus Connor McDavid in neutral zone.
0:04 of 2nd period - Snap shot by Nino Niederreiter.
0:04 of 2nd period - Stopped by James Reimer with a rebound.
0:06 of 2nd period - Minor Penalty to Dalton Prout for Tripping.
0:07 of 2nd period - Ryan Nugent-Hopkins wins face-off versus Henrik Zetterberg in Oilers zone.
0:07 of 2nd period - Ryan Nugent-Hopkins is hit by Erik Gudbranson.
0:38 of 2nd period - Off-side.
0:39 of 2nd period - Henrik Zetterberg wins face-off versus Connor McDavid in neutral zone.
1:06 of 2nd period - Claude Giroux is hit by Philip Samuelsson and loses puck.
2:06 of 2nd period - Penalty to Dalton Prout is over, Dalton Prout is back on ice.
2:11 of 2nd period - Snap shot by T.J. Hensick.
2:11 of 2nd period - Stopped by James Reimer with a rebound.
2:27 of 2nd period - Slapshot by Claude Giroux.
2:27 of 2nd period - Goal by Claude Giroux - Oilers : 1 - Red Wings : 2.
2:28 of 2nd period - Henrik Zetterberg wins face-off versus Ryan Getzlaf in neutral zone.
2:35 of 2nd period - Snap shot by Nino Niederreiter.
2:35 of 2nd period - Shot Misses the Net.
2:43 of 2nd period - Wrist shot by Zach Hyman.
2:43 of 2nd period - Shot Misses the Net.
2:55 of 2nd period - Dennis Everberg is hit by Jamie Arniel and loses puck.
3:56 of 2nd period - Snap shot by Ryan Getzlaf.
3:56 of 2nd period - Stopped by Petr Mrazek without a rebound.
3:57 of 2nd period - Henrik Zetterberg wins face-off versus Ryan Getzlaf in Red Wings zone.
4:04 of 2nd period - Wrist shot by Connor Brown.
4:04 of 2nd period - Shot Blocked by Zach Hyman.
4:12 of 2nd period - Snap shot by Ryan Getzlaf.
4:12 of 2nd period - Stopped by Petr Mrazek with a rebound.
4:23 of 2nd period - Minor Penalty to Claude Giroux for Hooking.
4:24 of 2nd period - Henrik Zetterberg wins face-off versus Ryan Nugent-Hopkins in Oilers zone.
4:39 of 2nd period - Marcus Pettersson is hit by Nino Niederreiter.
4:59 of 2nd period - Slapshot by Marko Dano.
4:59 of 2nd period - Stopped by James Reimer without a rebound.
5:00 of 2nd period - Dylan Larkin wins face-off versus Connor McDavid in Oilers zone.
5:31 of 2nd period - Minor Penalty to Denis Grebeshkov for Interference.
5:32 of 2nd period - Connor Brown wins face-off versus Ryan Nugent-Hopkins in Red Wings zone.
6:23 of 2nd period - Penalty to Claude Giroux is over, Claude Giroux is back on ice.
6:24 of 2nd period - Jake Gardiner is hit by Marko Dano and loses puck.
6:41 of 2nd period - Slapshot by Brady Skjei.
6:41 of 2nd period - Stopped by Petr Mrazek with a rebound.
6:43 of 2nd period - Slapshot by Marcus Pettersson.
6:43 of 2nd period - Deflect By Carson Mcmillan.
6:43 of 2nd period - Stopped by Petr Mrazek without a rebound.
6:44 of 2nd period - Ryan Nugent-Hopkins wins face-off versus T.J. Hensick in Red Wings zone.
7:31 of 2nd period - Penalty to Denis Grebeshkov is over, Denis Grebeshkov is back on ice.
7:50 of 2nd period - Snap shot by Erik Gudbranson.
7:50 of 2nd period - Deflect By Connor Brown.
7:50 of 2nd period - Shot Misses the Net.
7:50 of 2nd period - Puck is out of play.
7:51 of 2nd period - Dennis Everberg wins face-off versus Henrik Zetterberg in Oilers zone.
7:51 of 2nd period - Dennis Everberg is hit by Henrik Zetterberg.
8:05 of 2nd period - Slapshot by Brady Skjei.
8:05 of 2nd period - Stopped by Petr Mrazek with a rebound.
8:07 of 2nd period - Snap shot by James Neal.
8:07 of 2nd period - Shot Blocked by Philip Samuelsson.
8:18 of 2nd period - Minor Penalty to Leon Draisaitl for Goalie Interference.
8:19 of 2nd period - Ryan Nugent-Hopkins wins face-off versus Henrik Zetterberg in Oilers zone.
8:55 of 2nd period - Wrist shot by Marko Dano.
8:55 of 2nd period - Shot Blocked by Marcus Pettersson.
10:18 of 2nd period - Penalty to Leon Draisaitl is over, Leon Draisaitl is back on ice.
10:22 of 2nd period - Wrist shot by Leon Draisaitl.
10:22 of 2nd period - Shot Misses the Net.
10:41 of 2nd period - Slapshot by Jake Gardiner.
10:41 of 2nd period - Stopped by Petr Mrazek without a rebound.
10:42 of 2nd period - T.J. Hensick wins face-off versus Ryan Getzlaf in Red Wings zone.
10:58 of 2nd period - Minor Penalty to Tobias Enstrom for Elbowing.
10:59 of 2nd period - Henrik Zetterberg wins face-off versus Ryan Nugent-Hopkins in Oilers zone.
11:12 of 2nd period - Snap shot by Connor Brown.
11:12 of 2nd period - Shot Misses the Net.
12:58 of 2nd period - Penalty to Tobias Enstrom is over, Tobias Enstrom is back on ice.
13:09 of 2nd period - Tobias Enstrom is hit by Michael Haley and loses puck.
14:56 of 2nd period - Marko Dano is hit by Ryan Getzlaf and loses puck.
15:29 of 2nd period - Icing by Ryan O'Reilly.
15:30 of 2nd period - Peter Mueller wins face-off versus Ryan O'Reilly in Red Wings zone.
15:47 of 2nd period - Marko Dano is hit by Zach Hyman and loses puck.
16:17 of 2nd period - Drew Fata is hit by Nick Bjugstad and loses puck.
16:30 of 2nd period - Claude Giroux is hit by T.J. Hensick and loses puck.
16:58 of 2nd period - Snap shot by Philip Samuelsson.
16:58 of 2nd period - Stopped by James Reimer without a rebound.
16:59 of 2nd period - Jamie Arniel wins face-off versus Connor McDavid in Oilers zone.
17:00 of 2nd period - Wrist shot by Dylan Larkin.
17:00 of 2nd period - Stopped by James Reimer with a rebound.
17:02 of 2nd period - Snap shot by Dylan Larkin.
17:02 of 2nd period - Stopped by James Reimer with a rebound.
17:14 of 2nd period - Slapshot by Marko Dano.
17:14 of 2nd period - Stopped by James Reimer with a rebound.
17:16 of 2nd period - Slapshot by Philip Samuelsson.
17:16 of 2nd period - Shot Misses the Net.
17:22 of 2nd period - Minor Penalty to David Pastrnak for High sticking.
17:23 of 2nd period - Henrik Zetterberg wins face-off versus Ryan Nugent-Hopkins in Oilers zone.
17:36 of 2nd period - Snap shot by Connor Brown.
17:36 of 2nd period - Shot Blocked by Claude Giroux.
17:38 of 2nd period - Wrist shot by Henrik Zetterberg.
17:38 of 2nd period - Goal by Henrik Zetterberg - Oilers : 1 - Red Wings : 3.
17:39 of 2nd period - Connor McDavid wins face-off versus Jamie Arniel in neutral zone.
17:44 of 2nd period - Slapshot by Claude Giroux.
17:44 of 2nd period - Stopped by Petr Mrazek with a rebound.
17:46 of 2nd period - Snap shot by Claude Giroux.
17:46 of 2nd period - Deflect By David Pastrnak.
17:46 of 2nd period - Shot Blocked by Drew Fata.
17:46 of 2nd period - Puck is out of play.
17:47 of 2nd period - Connor McDavid wins face-off versus Jamie Arniel in Red Wings zone.
18:00 of 2nd period - Marko Dano is hit by Jake Gardiner and loses puck.
18:27 of 2nd period - Wrist shot by Claude Giroux.
18:27 of 2nd period - Shot Blocked by Dylan Larkin.
18:29 of 2nd period - Snap shot by Connor McDavid.
18:29 of 2nd period - Shot Misses the Net.
18:57 of 2nd period - Wrist shot by Dylan Larkin.
18:57 of 2nd period - Shot Misses the Net.
19:36 of 2nd period - Minor Penalty to Connor McDavid for High sticking.
19:37 of 2nd period - Ryan Nugent-Hopkins wins face-off versus Henrik Zetterberg in Oilers zone.
19:37 of 2nd period - Ryan Nugent-Hopkins is hit by Nino Niederreiter.
19:45 of 2nd period - Off-side.
19:46 of 2nd period - Henrik Zetterberg wins face-off versus Ryan Nugent-Hopkins in neutral zone.
Goals for this period are 1 for Oilers vs 1 for Red Wings.
Shots for this period are 8 for Oilers vs 8 for Red Wings.
3rd period
0:01 of 3rd period - Henrik Zetterberg wins face-off versus Ryan Nugent-Hopkins in neutral zone.
1:36 of 3rd period - Penalty to Connor McDavid is over, Connor McDavid is back on ice.
2:27 of 3rd period - Off-side.
2:28 of 3rd period - Jamie Arniel wins face-off versus Ryan Nugent-Hopkins in neutral zone.
2:30 of 3rd period - Off-side.
2:31 of 3rd period - Ryan Nugent-Hopkins wins face-off versus Jamie Arniel in neutral zone.
2:46 of 3rd period - Wrist shot by Ryan Nugent-Hopkins.
2:46 of 3rd period - Shot Misses the Net.
2:58 of 3rd period - Slapshot by Drew Fata.
2:58 of 3rd period - Stopped by James Reimer with a rebound.
3:00 of 3rd period - Wrist shot by Nino Niederreiter.
3:00 of 3rd period - Shot Blocked by Trevor Daley.
3:02 of 3rd period - Slapshot by Erik Gudbranson.
3:02 of 3rd period - Shot Misses the Net.
3:04 of 3rd period - Wrist shot by Henrik Zetterberg.
3:04 of 3rd period - Stopped by James Reimer without a rebound.
3:05 of 3rd period - Connor McDavid wins face-off versus Henrik Zetterberg in Oilers zone.
3:07 of 3rd period - Minor Penalty to Dalton Prout for Goalie Interference.
3:08 of 3rd period - Ryan Nugent-Hopkins wins face-off versus Henrik Zetterberg in Oilers zone.
3:30 of 3rd period - Jake Gardiner is hit by Henrik Zetterberg and loses puck.
3:43 of 3rd period - Slapshot by Connor McDavid.
3:43 of 3rd period - Stopped by Petr Mrazek with a rebound.
5:07 of 3rd period - Penalty to Dalton Prout is over, Dalton Prout is back on ice.
5:26 of 3rd period - Snap shot by Mark Stone.
5:26 of 3rd period - Shot Blocked by Michael Haley.
5:43 of 3rd period - Minor Penalty to Drew Fata for Hooking.
5:44 of 3rd period - Claude Giroux wins face-off versus T.J. Hensick in Red Wings zone.
6:31 of 3rd period - Wrist shot by Claude Giroux.
6:31 of 3rd period - Shot Misses the Net.
6:39 of 3rd period - Slapshot by Claude Giroux.
6:39 of 3rd period - Stopped by Petr Mrazek without a rebound.
6:40 of 3rd period - Connor McDavid wins face-off versus T.J. Hensick in Red Wings zone.
6:41 of 3rd period - Snap shot by Leon Draisaitl.
6:41 of 3rd period - Shot Misses the Net.
6:43 of 3rd period - Wrist shot by David Pastrnak.
6:43 of 3rd period - Shot Misses the Net.
6:45 of 3rd period - Slapshot by Leon Draisaitl.
6:45 of 3rd period - Stopped by Petr Mrazek without a rebound.
6:46 of 3rd period - Connor McDavid wins face-off versus T.J. Hensick in Red Wings zone.
6:49 of 3rd period - Wrist shot by Leon Draisaitl.
6:49 of 3rd period - Shot Misses the Net.
7:43 of 3rd period - Penalty to Drew Fata is over, Drew Fata is back on ice.
7:54 of 3rd period - Snap shot by Zach Hyman.
7:54 of 3rd period - Stopped by Petr Mrazek with a rebound.
8:00 of 3rd period - Slapshot by Brady Skjei.
8:00 of 3rd period - Stopped by Petr Mrazek without a rebound.
8:01 of 3rd period - Jamie Arniel wins face-off versus Peter Mueller in Red Wings zone.
8:37 of 3rd period - Wrist shot by Sergei Kostitsyn.
8:37 of 3rd period - Shot Blocked by Peter Mueller.
10:18 of 3rd period - Snap shot by Ryan Getzlaf.
10:18 of 3rd period - Stopped by Petr Mrazek with a rebound.
10:20 of 3rd period - Slapshot by Trevor Daley.
10:20 of 3rd period - Shot Blocked by Ryan O'Byrne.
10:22 of 3rd period - Slapshot by Marcus Pettersson.
10:22 of 3rd period - Stopped by Petr Mrazek without a rebound.
10:23 of 3rd period - Jamie Arniel wins face-off versus Ryan Getzlaf in Red Wings zone.
10:23 of 3rd period - Jamie Arniel is hit by Mark Stone.
10:31 of 3rd period - Slapshot by Drew Fata.
10:31 of 3rd period - Shot Misses the Net.
11:27 of 3rd period - Wrist shot by Connor Brown.
11:27 of 3rd period - Shot Misses the Net.
11:55 of 3rd period - Snap shot by Mark Stone.
11:55 of 3rd period - Shot Misses the Net.
11:57 of 3rd period - Snap shot by Zach Hyman.
11:57 of 3rd period - Shot Misses the Net.
11:59 of 3rd period - Wrist shot by Ryan Getzlaf.
11:59 of 3rd period - Stopped by Petr Mrazek with a rebound.
12:01 of 3rd period - Wrist shot by Mark Stone.
12:01 of 3rd period - Stopped by Petr Mrazek without a rebound.
12:02 of 3rd period - Jamie Arniel wins face-off versus David Pastrnak in Red Wings zone.
12:07 of 3rd period - Snap shot by Marko Dano.
12:07 of 3rd period - Deflect By Jake Gardiner.
12:07 of 3rd period - Stopped by James Reimer with a rebound.
12:29 of 3rd period - Jake Gardiner is hit by Ryan O'Reilly and loses puck.
12:38 of 3rd period - Wrist shot by Ryan O'Reilly.
12:38 of 3rd period - Stopped by James Reimer without a rebound.
12:39 of 3rd period - Connor McDavid wins face-off versus Ryan O'Reilly in Oilers zone.
12:46 of 3rd period - Carson Mcmillan is hit by David Pastrnak and loses puck.
12:55 of 3rd period - Slapshot by Claude Giroux.
12:55 of 3rd period - Shot Misses the Net.
13:24 of 3rd period - Marko Dano is hit by Dalton Prout and loses puck.
13:31 of 3rd period - Backhand shot by T.J. Hensick.
13:31 of 3rd period - Shot Misses the Net.
13:33 of 3rd period - Wrist shot by T.J. Hensick.
13:33 of 3rd period - Stopped by James Reimer without a rebound.
13:34 of 3rd period - Henrik Zetterberg wins face-off versus Connor McDavid in Oilers zone.
14:13 of 3rd period - Wrist shot by Ryan Nugent-Hopkins.
14:13 of 3rd period - Shot Blocked by Erik Gudbranson.
14:49 of 3rd period - Slapshot by Philip Samuelsson.
14:49 of 3rd period - Shot Blocked by Ryan Getzlaf.
14:55 of 3rd period - Slapshot by Philip Samuelsson.
14:55 of 3rd period - Stopped by James Reimer without a rebound.
14:56 of 3rd period - Connor McDavid wins face-off versus Henrik Zetterberg in Oilers zone.
15:03 of 3rd period - Slapshot by Marcus Pettersson.
15:03 of 3rd period - Deflect By Connor McDavid.
15:03 of 3rd period - Shot Misses the Net.
15:03 of 3rd period - Puck is out of play.
15:04 of 3rd period - Henrik Zetterberg wins face-off versus Connor McDavid in Red Wings zone.
15:26 of 3rd period - Off-side.
15:27 of 3rd period - Ryan Getzlaf wins face-off versus Ryan O'Reilly in neutral zone.
15:30 of 3rd period - Cody Franson is hit by Jake Gardiner and loses puck.
15:47 of 3rd period - Dalton Prout is hit by Ryan O'Reilly and loses puck.
16:04 of 3rd period - Snap shot by Claude Giroux.
16:04 of 3rd period - Shot Misses the Net.
16:10 of 3rd period - Snap shot by Connor McDavid.
16:10 of 3rd period - Stopped by Petr Mrazek with a rebound.
16:33 of 3rd period - Wrist shot by Leon Draisaitl.
16:33 of 3rd period - Shot Blocked by Marko Dano.
16:35 of 3rd period - Slapshot by Tobias Enstrom.
16:35 of 3rd period - Stopped by Petr Mrazek with a rebound.
16:51 of 3rd period - Marcus Pettersson is hit by Alexandre Grenier and loses puck.
17:06 of 3rd period - Jake Gardiner is hit by Ryan O'Reilly.
17:42 of 3rd period - Snap shot by Marko Dano.
17:42 of 3rd period - Shot Blocked by Dalton Prout.
17:56 of 3rd period - Minor Penalty to Jake Gardiner for Hooking.
17:57 of 3rd period - Henrik Zetterberg wins face-off versus Ryan Nugent-Hopkins in Oilers zone.
18:10 of 3rd period - Wrist shot by Ryan Nugent-Hopkins.
18:10 of 3rd period - Shot Blocked by Henrik Zetterberg.
18:12 of 3rd period - Snap shot by Marcus Pettersson.
18:12 of 3rd period - Stopped by Petr Mrazek with a rebound.
18:14 of 3rd period - Snap shot by Ryan Nugent-Hopkins.
18:14 of 3rd period - Shot Misses the Net.
18:24 of 3rd period - Marcus Pettersson is hit by Jamie Arniel and loses puck.
19:56 of 3rd period - Penalty to Jake Gardiner is over, Jake Gardiner is back on ice.
Goals for this period are 0 for Oilers vs 0 for Red Wings.
Shots for this period are 12 for Oilers vs 6 for Red Wings.